 Dungeon Crawl Stone Soup version 0.18.1-50-g88ac8fd (webtiles) character file.

650 spiff the Skirmisher (level 7, 0/38 HPs)
             Began as a Vine Stalker Transmuter on Sept 28, 2016.
             Succumbed to a killer bee's poison
             ... on level 3 of the Dungeon.
             The game lasted 00:13:33 (3563 turns).

spiff the Skirmisher (Vine Stalker Transmuter)      Turns: 3563, Time: 00:13:34

Health: 0/38       AC:  6    Str: 15    XL:     7   Next: 53%
Magic:  8/11       EV: 13    Int: 13    God:
Gold:   104        SH:  0    Dex: 14    Spells: 3 memorised, 1 level left

rFire  . . .     SeeInvis .       - Unarmed
rCold  + . .     Gourm    .     o - +1 robe
rNeg   . . .     Faith    .     (no shield)
rPois  .         Spirit   +     (no helmet)
rElec  .         Dismiss  .     b - +2 cloak
rCorr  .         Reflect  .     (no gloves)
SustAt .         Harm     .     (no boots)
MR     .....                    (no amulet)
Stlth  +.........               (no ring)
                                t - ring of protection from cold

@: lethally poisoned (0 -> -3), not resistant to hostile enchantments, very
unstealthy
A: fangs 2, regeneration 2, magic shield, antimagic bite, no device heal 3, rot
immunity
a: no special abilities


You were on level 3 of the Dungeon.
You were hungry.

You visited 1 branch of the dungeon, and saw 4 of its levels.

You collected 104 gold pieces.

Inventory:

Missiles
 a - 75 arrows
 v - 4 tomahawks (quivered)
Armour
 b - a +2 cloak (worn)
 o - a +1 robe (worn)
Jewellery
 t - a ring of protection from cold (left hand)
Scrolls
 g - a scroll of identify
 i - a scroll of recharging
 j - 3 scrolls of remove curse
 r - 2 scrolls of noise
Potions
 e - a potion of magic
 f - a potion of flight
 n - a potion of ambrosia
Books
 c - a book of Changes

   Spells                             Type                      Level
   a - Beastly Appendage              Transmutation                1
   b - Sticks to Snakes               Transmutation                2
   c - Spider Form                    Transmutation/Poison         3
   d - Ice Form                       Ice/Transmutation            4
   e - Blade Hands                    Transmutation                5
Comestibles
 d - 4 bread rations
 l - 3 fruits
 s - a royal jelly


   Skills:
 - Level 4.7 Fighting
 - Level 3.0 Dodging
 - Level 4.1 Unarmed Combat
 - Level 2.1 Spellcasting
 + Level 4.4 Transmutations


You had one spell level left.
You knew the following spells:

 Your Spells              Type           Power        Failure   Level  Hunger
a - Beastly Appendage     Trmt           ##....       6%          1    ##.....
e - Blade Hands           Trmt           ##........   96%         5    ######.
q - Spider Form           Trmt/Pois      #.........   34%         3    ####...


Dungeon Overview and Level Annotations

Branches:
Dungeon (4/15)
 Temple: D:4-7

Altars:
Zin

Annotations:
D:2 Sigmund


Innate Abilities, Weirdness & Mutations

You have extremely sharp teeth.
You heal very quickly.
When hurt, damage is shared between your health and your magic reserves.
Your bite disrupts and absorbs the magic of your enemies.
Potions and wands cannot restore your health.
You are immune to rotting.


Message History

* * * LOW HITPOINT WARNING * * *
You feel sick.
There is a stone staircase leading up here.
Things that are here:
a killer bee corpse x2
* * * LOW HITPOINT WARNING * * *
You feel sick.
* * * LOW HITPOINT WARNING * * *
You feel sick.
The phantom blinks!
* * * LOW HITPOINT WARNING * * *
You feel sick.
* * * LOW HITPOINT WARNING * * *
You feel sick.
There is a stone staircase leading up here.
Things that are here:
a killer bee corpse x2
* * * LOW HITPOINT WARNING * * *
You feel sick.
You climb upwards.
You die...

#.#...............
#..........#######
#..<.......#+#####
#.................
#.................
#.......#.....####
#.......#.#.......
#.#.#####.#.######
#####@................
#.....#.#####.#.#.###.
###+###.................
#.......#.#####.#.#.####
#.......#.........#.....
#......(........########
#.................รท.....
###########.....########
#.....# ###


There were no monsters in sight!

Vanquished Creatures
  Grinder (D:3)
  A giant frog (D:4)
  The ghost of WhiskeyPanda the Sneak, an amateur SpAs (D:3)
  3 killer bees (D:4)
  A hound (D:3)
  Crazy Yiuf (D:2)
  Terence (D:2)
  4 adders (D:3)
  A worm (D:2)
  5 dart slugs
  A giant gecko (D:2)
  An orc (D:4)
  A ball python (D:3)
  3 giant cockroaches (D:3)
  13 goblins
  5 hobgoblins
  3 jackals (D:1)
  A quokka (D:2)
  9 bats
  6 giant newts
  11 kobolds
  5 rats
78 creatures vanquished.

Notes
Turn   | Place    | Note
--------------------------------------------------------------
     0 | D:1      | spiff the Vine Stalker Transmuter began the quest for the Orb.
     0 | D:1      | Reached XP level 1. HP: 9/9 MP: 4/4
    96 | D:1      | Reached XP level 2. HP: 14/14 MP: 4/6
   353 | D:1      | Reached XP level 3. HP: 15/17 MP: 5/7
   411 | D:1      | Reached skill level 1 in Fighting
   735 | D:2      | Noticed Sigmund
  1058 | D:3      | Noticed WhiskeyPanda's ghost (amateur SpAs)
  1105 | D:2      | Learned a level 3 spell: Spider Form
  1140 | D:2      | Noticed Terence
  1153 | D:2      | Killed Terence
  1153 | D:2      | Reached XP level 4. HP: 15/23 MP: 2/8
  1315 | D:3      | Noticed Grinder
  1328 | D:3      | Killed Grinder
  1328 | D:3      | Reached XP level 5. HP: 15/30 MP: 2/9
  1328 | D:3      | Gained mutation: You heal very quickly. [Vine Stalker growth]
  1328 | D:3      | Reached XP level 6. HP: 17/34 MP: 2/10
  1868 | D:2      | Noticed Crazy Yiuf
  1878 | D:2      | Killed Crazy Yiuf
  2357 | D:3      | Killed WhiskeyPanda's ghost
  3193 | D:4      | Noticed a phantom
  3195 | D:4      | Reached XP level 7. HP: 36/38 MP: 7/11
  3246 | D:3      | Learned a level 5 spell: Blade Hands
  3330 | D:4      | Found a glowing silver altar of Zin.
  3561 | D:4      | HP: 1/38 [poisoned by a killer bee]
  3563 | D:3      | Succumbed to a killer bee's poison

Skill      XL: |  1  2  3  4  5  6  7 |
---------------+----------------------+-----
Unarmed Combat | 4 |  4.1
Fighting       | 2 4 |  4.7
Dodging        | 3 |  3.0
Transmutations | 3 4 |  4.4
Spellcasting   | |  2.1

Action                   |  1- 3 |  4- 6 |  7- 9 || total
-------------------------+-------+-------+-------++-------
Melee: Unarmed           |   108 |   130 |    36 ||   274
       Bite              |    21 |    17 |     5 ||    43
       Headbutt          |     3 |       |     2 ||     5
       Punch             |     2 |     1 |       ||     3
       Kick              |     4 |     1 |       ||     5
 Cast: Beastly Appendage |     8 |     3 |     1 ||    12
       Spider Form       |     1 |     9 |     2 ||    12
  Use: Scroll            |       |    11 |       ||    11
 Stab: Sleeping          |     2 |       |       ||     2
  Eat: Chunk             |       |     9 |     1 ||    10
Armor: Robe              |    14 |    21 |     6 ||    41
       Skin              |       |     1 |     1 ||     2
Dodge: Dodged            |    65 |    94 |    38 ||   197
